 Dungeon Crawl Stone Soup version 0.28.0-45-g0d030f2227 (webtiles) character file.

Game seed: 9818113255280487391

3224 thiscave3701365 the Cleaver (level 9, -4/79 HPs)
             Began as a Hill Orc Berserker on Apr 18, 2022.
             Was an Elder of Trog.
             Slain by an unseen horror (7 damage)
             ... on level 8 of the Dungeon.
             The game lasted 00:14:14 (10878 turns).

thiscave3701365 the Cleaver (Hill Orc Berserker)   Turns: 10878, Time: 00:14:14

Health: -4/79      AC: 12    Str: 24    XL:     9   Next: 98%
Magic:  9/9        EV:  7    Int:  7    God:    Trog [****..]
Gold:   268        SH:  5    Dex: 10    Spells: 8/8 levels left

rFire   . . .      SeeInvis .   i - +1 hand axe (vorpal)
rCold   . . .      Faith    .   v - +2 buckler
rNeg    . . .      Spirit   .   c - +0 plate armour
rPois   .          Reflect  .   (no helmet)
rElec   .          Harm     .   (no cloak)
rCorr   .          Rampage  .   (no gloves)
Will    .....                   (no boots)
Stlth   ..........              (no amulet)
HPRegen 0.23/turn               (no ring)
MPRegen 0.11/turn               (no ring)

@: hasted, very quick
A: no striking features
a: Renounce Religion, Berserk, Trog's Hand, Brothers in Arms


You were on level 8 of the Dungeon.
You worshipped Trog.
Trog was greatly pleased with you.
You visited 1 branch of the dungeon, and saw 8 of its levels.
You also visited: Sewer and Ossuary.

You collected 268 gold pieces.

Inventory:

Hand Weapons
 i - a +1 vorpal hand axe (weapon)
Missiles
 k - 2 throwing nets
Armour
 c - a +0 plate armour (worn)
 v - a +2 buckler (worn)
Jewellery
 a - a +6 ring of intelligence
Wands
 b - a wand of digging (4)
 w - a wand of iceblast (4)
 x - a wand of mindburst (27)
Scrolls
 e - 2 scrolls of silence {unknown}
 f - 5 scrolls of identify {unknown}
 h - a scroll of summoning {unknown}
 j - 5 scrolls of teleportation {unknown}
 m - 2 scrolls of fog {unknown}
 q - 2 scrolls of fear {unknown}
 r - a scroll of enchant armour {unknown}
Potions
 g - a potion of lignification {unknown}
 l - a potion of mutation {unknown}
 n - a potion of magic {unknown}
 o - 2 potions of haste
 p - a potion of might {unknown}
 s - 2 potions of resistance {unknown}
 t - 2 potions of ambrosia {unknown}
 u - 2 potions of degeneration {unknown}


   Skills:
 - Level 7.3 Fighting
 + Level 13.7 Axes
 - Level 6.0 Armour
 - Level 4.6 Dodging


You had 8 spell levels left.
You didn't know any spells.
Your spell library was empty.

Dungeon Overview and Level Annotations

Branches:
Dungeon (8/15)             Temple (0/1) D:4           Sewer (visited)
Ossuary (visited)
   Lair: D:8-11

Altars:
Ashenzari
Cheibriados
Elyvilon
Fedhas
Okawaru
Qazlal
Ru
Sif Muna
Uskayaw
Yredelemnul

Annotations:
D:8 3 runed translucent doors, BandidoLoco's ghost, novice MiGl


Message History

Something hits you but does no damage.
You recover from your berserk rage.
Something hits you but does no damage. You block something's attack.
Something hits you.
* * * LOW HITPOINT WARNING * * *
Something hits you.
* * * LOW HITPOINT WARNING * * *
Something hits you.
* * * LOW HITPOINT WARNING * * *
Something hits you.
* * * LOW HITPOINT WARNING * * *
It was a potion of haste.
You feel yourself speed up. Something hits you but does no damage.
It was a potion of curing.
You feel better. Something hits you but does no damage. Something hits you.
* * * LOW HITPOINT WARNING * * *
You hit something but do no damage. Something hits you.
* * * LOW HITPOINT WARNING * * *
You barely miss something. You block something's attack.
You closely miss something. Something hits you but does no damage.
Something hits you but does no damage. Something hits you but does no damage.
Something hits you!
* * * LOW HITPOINT WARNING * * *
You feel better. Something hits you but does no damage.
You feel better. Something hits you but does no damage.
You block something's attack.
You hit something. Something hits you!
* * * LOW HITPOINT WARNING * * *
You hit something but do no damage. Something hits you but does no damage.
Something hits you but does no damage. Something hits you.
* * * LOW HITPOINT WARNING * * *
Something hits you.
* * * LOW HITPOINT WARNING * * *
Something hits you but does no damage. Something hits you!
You die...

.........# ####
........## ##..##
.......## ###....#
.....### #......##
....## #.......##
#...# ##........#
#..### #.........##
.....### #..........##
.##....###......@....#
# ####...............#
####............#
##............#
###..........#
##...........
#.#######... #.# ###
..


There were no monsters in sight!

Vanquished Creatures
  Grinder (D:3)
  A steam dragon (D:6)
  A water moccasin (D:6)
  2 orc warriors (D:7)
  A sky beast (D:5)
  2 ice beasts (D:4)
  2 black bears
  2 ogres
  2 centaurs
  A phantom (D:4)
  5 kobold brigands
  A bullfrog (D:7)
  2 elf zombies (Ossuary)
  A gnoll sergeant (D:6)
  A scorpion (D:5)
  A howler monkey (D:6)
  4 centaur zombies (Ossuary)
  An orc priest (D:7)
  2 centaur skeletons
  2 gnoll shamans
  3 hounds
  Ijyb (D:3)
  2 iguanas
  4 orc wizards
  A killer bee zombie (D:6)
  A hound skeleton (D:3)
  2 mummies (Ossuary)
  14 gnolls
  A river rat (Sewer)
  10 adders
  A howler monkey skeleton (D:3)
  A white imp (D:5)
  An ufetubus (D:7)
  2 adder zombies (Ossuary)
  2 adder skeletons
  6 worms
  10 dart slugs
  17 orcs
  11 ball pythons
  11 endoplasms
  3 giant cockroaches
  6 hobgoblins
  4 jackals (D:5)
  22 kobolds
  5 quokkas
  5 bats
  3 frilled lizards
  7 goblins
  10 hobgoblin zombies (Ossuary)
  2 jackal zombies (Ossuary)
  11 kobold zombies (Ossuary)
  5 orc zombies (Ossuary)
  A quokka skeleton (D:4)
  13 rats
  A rat zombie (Ossuary)
234 creatures vanquished.

Notes
Turn   | Place    | Note
-------+----------+-------------------------------------------
     0 | D:1      | thiscave3701365 the Hill Orc Berserker began the quest for
                  | the Orb.
     0 | D:1      | Reached XP level 1. HP: 19/19 MP: 1/1
   849 | D:1      | Reached XP level 2. HP: 27/27 MP: 2/2
  1325 | D:1      | Reached XP level 3. HP: 31/33 MP: 3/3
  2168 | D:2      | Found a faded altar of an unknown god.
  2169 | D:2      | Noticed a shining eye
  2173 | D:2      | Reached XP level 4. HP: 37/40 MP: 4/4
  2192 | D:2      | Noticed a floating eye
  2199 | D:2      | Noticed an eye of devastation
  2199 | D:2      | Noticed a golden eye
  2365 | D:2      | Reached ** piety under Trog
  2938 | D:3      | Reached skill level 5 in Axes
  2969 | D:3      | Noticed Ijyb
  2992 | D:3      | Killed Ijyb
  2993 | D:3      | Reached XP level 5. HP: 35/47 MP: 5/5
  3108 | D:3      | Noticed Grinder
  3122 | D:3      | Killed Grinder
  3123 | D:3      | Reached skill level 5 in Fighting
  3123 | D:3      | Reached XP level 6. HP: 30/56 MP: 6/6
  4236 | D:4      | Noticed a black bear
  4244 | D:4      | Killed a black bear
  4245 | D:4      | Reached skill level 6 in Axes
  4245 | D:4      | Reached XP level 7. HP: 62/62 MP: 7/7
  4294 | D:4      | Found a broken altar of Ashenzari.
  4477 | D:4      | Found an iron altar of Okawaru.
  4477 | D:4      | Found a basalt altar of Yredelemnul.
  4485 | D:4      | Found a blossoming altar of Fedhas.
  4487 | D:4      | Found a faded altar of an unknown god.
  4489 | D:4      | Found a shimmering blue altar of Sif Muna.
  4634 | D:4      | Found a staircase to the Ecumenical Temple.
  5037 | D:4      | Reached skill level 5 in Armour
  5039 | D:4      | Found a white marble altar of Elyvilon.
  5123 | D:5      | Entered Level 5 of the Dungeon
  5160 | D:5      | Found a glowing drain.
  5180 | Sewer    | Entered a sewer
  5395 | Sewer    | Reached skill level 7 in Axes
  5395 | Sewer    | Reached XP level 8. HP: 71/71 MP: 8/8
  5768 | Sewer    | Reached *** piety under Trog
  7135 | D:5      | Reached skill level 8 in Axes
  7349 | D:6      | Identified the +2 robe "Dyoptoti" {Dex+6}
  7746 | D:6      | Found a sand-covered staircase.
  7754 | Ossuary  | Entered an ossuary
  7867 | Ossuary  | Reached skill level 9 in Axes
  7871 | Ossuary  | Reached **** piety under Trog
  7872 | Ossuary  | Reached XP level 9. HP: 79/79 MP: 9/9
  8000 | Ossuary  | Reached skill level 10 in Axes
  8845 | D:6      | Reached skill level 11 in Axes
  9382 | D:6      | Reached skill level 12 in Axes
  9868 | D:7      | Found a hide-covered altar of Uskayaw.
  9918 | D:7      | Reached skill level 13 in Axes
 10112 | D:7      | Found a stormy altar of Qazlal.
 10118 | D:7      | Found a sacrificial altar of Ru.
 10145 | D:7      | Found a snail-covered altar of Cheibriados.
 10784 | D:8      | Found a runed translucent gate.
 10784 | D:8      | Found a runed translucent gate.
 10784 | D:8      | Found a runed translucent gate.
 10785 | D:8      | Noticed BandidoLoco's ghost (novice MiGl)
 10868 | D:8      | HP: 1/79 [something (9)]
 10876 | D:8      | HP: 3/79 [something (4)]
 10878 | D:8      | Slain by an unseen horror

Illustrated notes

Levels and vault maps discovered:
D:1:      lightli_iron_boxes, layout_loops_ring, serial_rivers,
          chequers_serial_rivers_micro_d, chequers_serial_rivers_room_a,
          chequers_serial_rivers_marsh, chequers_serial_rivers_marsh,
          chequers_serial_rivers_large_a, chequers_serial_rivers_small_a
D:2:      minmay_alternating_diamond, layout_basic,
          hellmonk_ecumenical_altar_watching_god
D:3:      layout_basic, minmay_strange_pillars, uniq_ijyb, uniq_grinder
D:4:      layout_rooms, mainiacjoe_overflow_small_starburst,
          ashenzari_conservatory_becter, chequers_temple_overflow_minitemple,
          minmay_temple_entry_crystal_x
D:5:      layout_loops_ring, cheibrodos_sewer_entry_bend,
          kennysheep_generic_room_14
D:6:      layout_basic, nicolae_ossuary_entry_plus
D:7:      layout_basic, general_overflow_altar, lemuel_doored_altar,
          mainiacjoe_overflow_large_starburst
D:8:      layout_cave_pods, serial_column_ruins, column_ruins_open_small,
          column_ruins_corridor_T, column_ruins_corridor_T,
          column_ruins_open_tiny, column_ruins_columns_T,
          gammafunk_ghost_spectres, minmay_manual_mail

Skill      XL: |  1  2  3  4  5  6  7  8  9 |
---------------+----------------------------+-----
Fighting       | 4 5 6 7 |  7.3
Dodging        | 2 3 4 |  4.6
Armour         | 3 4 5 6 |  6.0
Axes           | 5 6 7 9 13 | 13.7

Action                   |  1- 3 |  4- 6 |  7- 9 || total
-------------------------+-------+-------+-------++-------
Melee: Hand axe          |   123 |   127 |   611 ||   861
       Punch             |       |     2 |     7 ||     9
Invok: Berserk           |     2 |     3 |    20 ||    25
  Use: Potion            |       |       |     4 ||     4
Armor: Plate armour      |    75 |    64 |   308 ||   447
       Animal skin       |     3 |       |       ||     3
Dodge: Dodged            |    48 |    41 |   170 ||   259
Block: Buckler           |       |       |    18 ||    18
